[Event "Chinese League Div-A Rapid 2022"]
[Site "Fuling,Chongqing"]
[Date "2022.09.10"]
[Round "4.6"]
[White "Ma, Qun"]
[Black "Xiao, Tong"]
[Result "1-0"]
[ECO "B42"]
[WhiteElo "2666"]
[BlackElo "2027"]
[Annotator "TA"]
[PlyCount "113"]
[EventDate "2022.09.07"]
[EventType "team-tourn"]
[EventCountry "CHN"]
[SourceTitle "playchess.com"]
[Source "ChessBase"]
[SourceQuality "1"]
[TimeControl "1500+10"]

1. e4 c5 2. Nf3 e6 3. d4 cxd4 4. Nxd4 a6 5. Bd3 Nc6 6. Nxc6 dxc6 7. O-O e5 8. Nd2 {[%emt 0:00:23] B42: Sicilian: Kan Variation: 5 Bd3.} Be6 9. Qe2 $5 {[%emt 0:04:09][%mdl 4] Exploring less charted territory.} Nf6 {[%emt 0:00:42] [#]} 10. Bc4 $146 {[%emt 0:00:57] The position is equal.} ({Predecessor:} 10. a4 Bc5 11. Nc4 Bxc4 12. Bxc4 O-O 13. Bg5 Qe7 14. Rfd1 Rad8 15. Qf3 Rxd1+ 16. Rxd1 {½-½ (23) Nemeth,M (2499)-Izsak,G (2444) Hungary 2015}) 10... Bxc4 ({Black should play} 10... Qd7 $11) 11. Nxc4 $14 Nd7 (11... Qc7 $14) 12. Rd1 $16 {[%emt 0:01:23][%cal Bf1d1,Bd1d2,Bd2d6][%mdl 32] Black must now prevent Be3.} Qc7 13. Be3 {[%emt 0:00:21][%cal Od1d7] Rxd7! is the strong threat.} Rd8 14. a4 Be7 (14... b5 $16) 15. Qg4 $1 $36 {[%emt 0:00:20][%mdl 2048] Black is under strong pressure.} Kf8 16. Rd2 {[%emt 0:04:25] Threatens to win with Rad1. White is much more active.} h5 {[%emt 0:01:38] [#]} (16... b5 $16) 17. Qh3 $1 b5 18. Rad1 Ke8 (18... bxc4 {was called for.} 19. Rxd7 Rxd7 20. Qxd7 (20. Rxd7 Qa5 $18) 20... Qxd7 21. Rxd7 Ke8) 19. Nd6+ Bxd6 20. Rxd6 Ke7 21. axb5 (21. Bg5+ Nf6 22. R6d3 Rxd3 23. cxd3 (23. Qxd3 Rd8 $14) 23... Qd7 $16) 21... axb5 22. R6d2 (22. Bg5+ Nf6 23. Rxd8 Rxd8 24. Qxh5 Rxd1+ 25. Qxd1 Ke6 $16) 22... f6 $2 (22... c5 23. Qg3 (23. Bg5+ f6 $16) 23... Nf6 24. Rxd8 (24. Qxg7 $2 Rdg8 $19) 24... Rxd8 25. Rxd8 h4) 23. b4 Nb8 24. Rxd8 Rxd8 25. Qxh5 (25. Ra1 $18 {and the rest is easy.} g6 26. f4) 25... Rxd1+ $16 26. Qxd1 $18 {[%emt 0:00:03][%mdl 4096] Endgame KQB-KQN} Nd7 27. h4 c5 28. Qg4 Kf7 29. bxc5 Nxc5 30. Qh5+ Kf8 31. Qh8+ Kf7 {[%emt 0:00:01] [#]} 32. Qa8 $1 {[%emt 0:00:37] Against Qc6. aiming for Qd5+.} b4 33. Qd5+ Ne6 34. Kh2 Ke7 (34... Qc8 $16 {keeps fighting.} 35. Qd2 Qc7) 35. Bd2 Qb6 36. Be3 ({Better is} 36. Kg3 $18) 36... Qc7 $16 37. Bd2 (37. Qb5 $16) 37... Qb6 $18 {[%emt 0:00:03] Black is on the road to losing.} 38. Kg1 Nd4 (38... Kf7 $142 39. Qd7+ Kg8) 39. Qc4 Nc6 (39... Ne6 {might work better.} 40. Bxb4+ Kf7) 40. Qg8 Qc5 41. Qxg7+ Ke6 42. Qg8+ Ke7 43. Qb3 Qb5 44. h5 {[%emt 0:00:35] White wants to mate with h6.} Qe2 45. Bxb4+ Nxb4 46. Qxb4+ {[%emt 0:00:01] KQ-KQ} Kd7 47. Qa4+ Kc7 48. Qa5+ Kd7 49. Qd5+ Ke7 50. Qb7+ (50. Qc5+ $142 Kd7 51. Qd5+ Ke7 52. Qb7+ Kd6 53. Qb6+ Ke7 54. Qc7+ Kf8 55. Qd8+ Kg7 56. Qe7+ Kh6 57. Qxf6+ Kxh5 58. Qxe5+ Kh6 59. Qf6+ Kh7 60. Qf5+ Kg8 61. e5) 50... Kd6 51. Qb6+ Ke7 52. Qc7+ Ke6 53. Qc8+ Ke7 {[%emt 0:00:01] White mates.} 54. Qf5 Qxc2 55. g3 Qc1+ 56. Kg2 Qh6 57. Qg6 {[%emt 0:00:05] Weighted Error Value: White=0.24 (precise) /Black=0.44} 1-0

[Event "Chinese League Div-A Rapid 2022"]
[Site "Fuling,Chongqing"]
[Date "2022.09.10"]
[Round "4.7"]
[White "Xu, Zhihang"]
[Black "Zhou, Weiqi"]
[Result "0-1"]
[ECO "D37"]
[WhiteElo "2489"]
[BlackElo "2597"]
[Annotator "TA"]
[PlyCount "116"]
[EventDate "2022.09.07"]
[EventType "team-tourn"]
[EventCountry "CHN"]
[SourceTitle "playchess.com"]
[Source "ChessBase"]
[SourceQuality "1"]
[TimeControl "1500+10"]

1. d4 d5 2. c4 e6 3. Nf3 Nf6 4. Nc3 a6 5. c5 b6 6. cxb6 {[%emt 0:00:02] D37: Queen's Gambit Declined: 5 Bf4.} cxb6 7. Bf4 Bd6 8. e3 {[%emt 0:00:03] The position is equal.} O-O 9. Bd3 Bb7 10. O-O Nc6 11. Rc1 b5 {[%emt 0:01:57][%cal Bb6b5,Bb5b4][%mdl 32] [#]} 12. a4 $146 ({Predecessor:} 12. Bg5 Be7 13. Qe2 Ne4 14. Bxe7 Nxe7 15. Nd2 f5 16. f3 Nd6 17. Nb3 Ng6 18. Nc5 {0-1 (50) Lopez,H (2181)-Bernardo,D (1890) Olongapo City 2015}) 12... b4 13. Nb1 Bxf4 14. exf4 Qd6 15. g3 Na5 16. Nbd2 Rfc8 {[%emt 0:01:23] Inhibits Rc5.} 17. Qe2 b3 18. Ne5 h6 19. f5 Rxc1 20. Rxc1 Rc8 {[%emt 0:00:03] Inhibits Rc5.} 21. Rxc8+ Bxc8 22. Qd1 $1 Bd7 (22... exf5 $142 23. Nxb3 Nxb3 24. Qxb3 Ne4) 23. fxe6 (23. Nxb3 Bxa4 24. Qa1 Bxb3 $16) 23... Qxe6 {[%emt 0:01:01] [#]} 24. Nxb3 (24. Qc1 $1 $18) 24... Bxa4 $16 25. Qa1 Nxb3 26. Qxa4 Qb6 27. Qxa6 (27. Nc6 $16) 27... Qxa6 $11 28. Bxa6 Nxd4 $16 {[%emt 0:00:01][%mdl 4096] Endgame KBN-KNN} 29. b4 {[%emt 0:00:56] aiming for b5.} Ne4 30. f3 Nc3 31. Kf2 Kf8 32. Bd3 Ke7 33. Ke3 Ne6 34. Kd2 Na4 35. f4 f6 (35... Nb6 $14) 36. Nf3 (36. Ng6+ $16 Kd6 37. Nh4) 36... g5 $1 $11 37. f5 g4 $2 (37... Nf8 $11 {and Black has nothing to worry.}) 38. Nh4 (38. fxe6 $18 {is the precise move to win.} gxf3 39. Bf5 (39. Ke3 Kxe6 40. h4 Ke5 $11)) 38... Ng5 39. Be2 h5 40. Ng6+ Kd6 41. Nf4 Ke5 42. Nxh5 Kxf5 ({Black should play} 42... Ne4+ $14 43. Kc2 Kxf5) 43. Nf4 Ne4+ $2 {[%emt 0:01:27][%mdl 8192] [#]} (43... d4 $16) 44. Ke3 $1 $18 Ke5 45. Nd3+ ({Less strong is} 45. Bxg4 d4+ 46. Kf3 Nac3 47. Nd3+ Kd5 $16) 45... Kf5 46. Nf4 Ke5 47. Bxg4 {[%emt 0:00:15] Threatens to win with Nd3+.} d4+ 48. Ke2 {[%emt 0:00:02] And now Ng6+ would win.} Nac3+ 49. Ke1 Nd6 50. Bf3 Nc4 (50... Nf5 {is a better defense.} 51. Kd2 Na2) 51. Nd3+ Kf5 52. h4 Ne5 53. Be2 {[%emt 0:00:17] Hoping for Nxe5.} Ke4 (53... Nd5 54. b5 Nf7) 54. Nxe5 fxe5 55. b5 $2 (55. Bg4 $18 {h5 is the strong threat.} Ke3 56. h5) 55... Ke3 $1 $11 56. b6 $2 Nxe2 {[%emt 0:00:01] Black mates.} 57. b7 d3 58. b8=Q d2+ {[%emt 0:00:02] A wild game.  Weighted Error Value: White=0.46/Black=0.26 (precise)} 0-1

[Event "Chinese League Div-A Rapid 2022"]
[Site "Fuling,Chongqing"]
[Date "2022.09.10"]
[Round "4.8"]
[White "Bai, Jinshi"]
[Black "Zou, Chen"]
[Result "1-0"]
[ECO "E94"]
[WhiteElo "2586"]
[BlackElo "2432"]
[Annotator "TA"]
[PlyCount "78"]
[EventDate "2022.09.07"]
[EventType "team-tourn"]
[EventCountry "CHN"]
[SourceTitle "playchess.com"]
[Source "ChessBase"]
[SourceQuality "1"]
[TimeControl "1500+10"]

1. d4 Nf6 2. Nf3 g6 3. c4 Bg7 4. Nc3 O-O 5. e4 d6 6. Be2 e5 7. Be3 Ng4 8. Bg5 f6 9. Bh4 Nd7 10. O-O Nh6 11. Qd2 Nf7 {[%emt 0:00:17] E94: King's Indian: Classical: 6 Be2 e5 7 0-0: Various Black 7th moves.} 12. Rad1 c6 13. b4 ({Better is} 13. Rfe1 $14) 13... Qe8 (13... a5 $11 14. b5 g5 15. dxe5 dxe5) 14. Rfe1 $14 h5 15. h3 Bh6 16. Qc2 {[%emt 0:00:21] [#]} Kg7 $146 ({Predecessor:} 16... Bf4 17. a3 Kg7 18. Na4 Rg8 19. c5 dxc5 20. Nxc5 Nxc5 21. bxc5 g5 22. Bg3 g4 23. hxg4 hxg4 {1-0 (39) Schroer,J (2315)-Meyer,J New York 1984}) 17. Bg3 b6 {[%emt 0:02:16] Inhibits c5.} 18. b5 Bb7 19. bxc6 Bxc6 20. Nd5 Rc8 {[%emt 0:01:09] Inhibits Nc7.} 21. Qb2 {[%emt 0:00:00] White is much more active.} Nb8 $2 {[%emt 0:04:34] [#]} (21... Qd8 $16) 22. Qa3 (22. Nxf6 $1 $18 {[%mdl 512] is the precise move to win.} Kxf6 23. dxe5+ dxe5 24. Bxe5+ $1 Nxe5 25. Nxe5) 22... Bxd5 23. cxd5 Qe7 24. Bb5 Rc7 25. Ba4 (25. Kh1 $16) 25... Rfc8 26. Qb2 Kh7 27. Bh4 Bf4 28. dxe5 (28. Kh1 $1 $14) 28... dxe5 $11 29. g3 Bh6 {[%emt 0:00:10] ...g5 is the strong threat.} 30. Nxe5 Qxe5 (30... Nxe5 $11 {keeps the balance.} 31. d6 Nf3+ 32. Kf1 {[#]} Qe6 $1 33. dxc7 Qxh3+ 34. Ke2 Qg4 35. cxb8=N (35. cxb8=R Ne5+ 36. Kf1 Qh3+ 37. Ke2 Qg4+ 38. Kf1 Qh3+ 39. Ke2 Qg4+ $11) 35... Nxe1+ 36. Kf1 Qh3+ 37. Ke2 Qg4+ 38. Kxe1 Qxe4+ 39. Kf1 Qh1+ 40. Ke2 Qe4+ 41. Kf1 Qh1+ 42. Ke2 Qe4+ 43. Kf1) 31. Bxf6 $16 Qxb2 32. Bxb2 {[%emt 0:00:01] A strong pair of Bishops.} Na6 (32... Ng5 $16) 33. d6 $36 {[%emt 0:00:10][%cal Bd5d6,Bd6d7][%mdl 3104] White has strong compensation. Black is under strong pressure.} Rb7 (33... Nxd6 {was necessary.} 34. Rxd6 Bf8) 34. d7 Rf8 35. e5 ({Less strong is} 35. Bb3 Rd8 $18) 35... Nc5 36. e6 Nxa4 37. e7 Nxb2 38. e8=Q Nxd1 (38... Rb8 $142) 39. Re7 ({Not} 39. Rxd1 Rb8 40. Qe4 Bg5 $16) 39... Rxe8 {[%emt 0:00:29] Weighted Error Value: White=0.19 (very precise) /Black=0.42} 1-0

[Event "Chinese League Div-A Rapid 2022"]
[Site "Fuling,Chongqing"]
[Date "2022.09.10"]
[Round "4.9"]
[White "Chen, Yining"]
[Black "Zhai, Mo"]
[Result "0-1"]
[ECO "E12"]
[WhiteElo "1745"]
[BlackElo "2374"]
[Annotator "RC"]
[PlyCount "87"]
[EventDate "2022.09.07"]
[EventType "team-tourn"]
[EventCountry "CHN"]
[SourceTitle "playchess.com"]
[Source "ChessBase"]
[SourceQuality "1"]
[TimeControl "1500+10"]

1. d4 Nf6 2. c4 e6 3. Nf3 b6 4. a3 Bb7 5. Nc3 d5 6. cxd5 Nxd5 7. Qc2 Be7 8. Nxd5 Bxd5 9. e4 Bb7 10. Bf4 Bd6 11. Bb5+ c6 12. Bxd6 Qxd6 13. Bd3 Nd7 14. e5 Qe7 15. Be4 Rc8 16. Nd2 Ba6 17. b4 h6 18. Nc4 Bxc4 19. Qxc4 O-O 20. Bxc6 Qh4 21. Qc3 Nb8 22. b5 Nxc6 23. bxc6 Qe4+ 24. Qe3 Qxg2 25. Kd2 Qxc6 26. Rhc1 Qa4 27. Qd3 Rfd8 28. Ke3 Qd7 29. Rc3 Qe7 30. Rac1 Rxc3 31. Rxc3 Qg5+ 32. f4 Qg1+ 33. Ke4 Qxh2 34. Rc7 Qg2+ 35. Ke3 Qg1+ 36. Ke4 Qe1+ 37. Kf3 Qa5 38. Ke3 Qa4 39. Rc4 Qd7 40. Qe4 Qe7 41. Qd3 h5 42. Rc2 Qh4 43. Rf2 Qg3+ 44. Ke2 0-1

[Event "Chinese League Div-A Rapid 2022"]
[Site "Fuling,Chongqing"]
[Date "2022.09.10"]
[Round "4.10"]
[White "Zhou, Guijue"]
[Black "Hou, Yifan"]
[Result "0-1"]
[ECO "B23"]
[WhiteElo "2225"]
[BlackElo "2650"]
[Annotator "TA"]
[PlyCount "44"]
[EventDate "2022.09.07"]
[EventType "team-tourn"]
[EventCountry "CHN"]
[SourceTitle "playchess.com"]
[Source "ChessBase"]
[SourceQuality "1"]
[TimeControl "1500+10"]

1. e4 c5 2. Nc3 e6 3. f4 Nc6 4. g3 d5 5. e5 g5 6. d3 {[%emt 0:02:21] B23: Closed Sicilian: Lines without g3.} gxf4 7. Bxf4 {[%emt 0:00:02] [#]} Nge7 $146 ({Predecessor:} 7... Bg7 8. Nf3 Nge7 9. Bg2 Ng6 10. Bg5 Qa5 11. O-O Ncxe5 12. Nxe5 Bxe5 13. Qf3 O-O {0-1 (22) Al Marzouqi,A (1989)-Al Huwar,J (2313) Fujairah 2008}) 8. Nf3 {[%emt 0:00:07] The position is equal.} Ng6 9. Bg5 Be7 10. Bf4 (10. Bxe7 $15 Qxe7 11. Bg2) 10... Qb6 $17 11. Qc1 Bd7 12. h4 (12. Ne2 $17 {was worth a try.}) 12... Rg8 13. h5 (13. Ne2 {was called for.}) 13... Nxf4 $19 14. gxf4 O-O-O 15. Ne2 f6 {[%emt 0:00:08] And now ...fxe5 would win.} 16. b3 fxe5 {[%emt 0:00:08] Black is clearly winning.} 17. fxe5 Rdf8 18. Qe3 d4 19. Qe4 Nb4 20. Kd2 Bc6 21. Qxh7 Qc7 22. Bh3 Bxf3 {[%emt 0:00:31] White did not feel at home in the position after the opening.  Weighted Error Value: White=1.28/Black=0.10 (very precise)} 0-1

[Event "Chinese League Div-A Rapid 2022"]
[Site "Fuling,Chongqing"]
[Date "2022.09.10"]
[Round "4.11"]
[White "Zeng, Chongsheng"]
[Black "Huang, Renjie"]
[Result "1/2-1/2"]
[ECO "E04"]
[WhiteElo "2597"]
[BlackElo "2446"]
[Annotator "TA"]
[PlyCount "49"]
[EventDate "2022.09.07"]
[EventType "team-tourn"]
[EventCountry "CHN"]
[SourceTitle "playchess.com"]
[Source "ChessBase"]
[SourceQuality "1"]
[TimeControl "1500+10"]

1. c4 e6 2. d4 Nf6 3. g3 d5 4. Nf3 dxc4 5. Bg2 Bb4+ 6. Bd2 a5 7. O-O O-O {[%emt 0:00:48] The position is equal. E04: Open Catalan: 5 Nf3.} 8. Bg5 h6 9. Bxf6 Qxf6 10. Qc2 Nc6 11. a3 {[%emt 0:01:45] seems to push 11.Qxc4 aside.} Bd6 12. Qxc4 e5 13. d5 Nd4 {[%emt 0:00:38] [#]} 14. Nc3 $146 ({Predecessor:} 14. Nxd4 exd4 15. Nd2 b5 16. Qd3 Bf5 17. Qxb5 Rab8 18. Qc4 Rxb2 19. Nf3 d3 20. exd3 {1-0 (51) Wang,Y (2716)-Bitoon,R (2504) Jakarta 2011}) 14... b5 15. Qd3 Bf5 16. e4 Nxf3+ $1 17. Qxf3 Bd7 18. Qxf6 gxf6 19. Rfc1 b4 20. axb4 axb4 21. Nd1 Rxa1 22. Rxa1 Bc5 {[%emt 0:00:01] Prevents Ra7.} 23. b3 Bd4 24. Ra2 c6 25. Ne3 {[%emt 0:00:42] An even fight not without its subleties.  Weighted Error Value: White=0.03 (flawless) /Black=0.02 (flawless)} 1/2-1/2

[Event "Chinese League Div-A Rapid 2022"]
[Site "Fuling,Chongqing"]
[Date "2022.09.10"]
[Round "4.12"]
[White "Bu, Xiangzhi"]
[Black "Liu, Qingnan"]
[Result "1-0"]
[ECO "E55"]
[WhiteElo "2709"]
[BlackElo "2542"]
[Annotator "TA"]
[PlyCount "139"]
[EventDate "2022.09.07"]
[EventType "team-tourn"]
[EventCountry "CHN"]
[SourceTitle "playchess.com"]
[Source "ChessBase"]
[SourceQuality "1"]
[TimeControl "1500+10"]

1. d4 Nf6 2. c4 e6 3. Nc3 Bb4 4. e3 O-O 5. Bd3 d5 6. Nf3 c5 7. O-O cxd4 8. exd4 dxc4 9. Bxc4 b6 10. Qe2 Bb7 11. Rd1 Nbd7 12. Bg5 Bxc3 13. bxc3 Qc7 14. Nd2 {[%emt 0:03:10] E55: Nimzo-Indian: Rubinstein: Main Line: 7...dxc4 8 Bxc4 Nbd7.} Rfe8 15. Rac1 e5 16. Qd3 {[%emt 0:00:23] [#] The position is equal.} Rac8 $146 ({Predecessor:} 16... h6 17. Bh4 Rac8 18. Bg3 Qd8 19. Re1 exd4 20. cxd4 Rxe1+ 21. Rxe1 Nf8 22. h3 Ng6 {½-½ (30) Mukhin,M-Kholmov,R Baku 1972}) 17. Qg3 Nd5 ({Black should try} 17... exd4 $11 18. cxd4 Qxg3 19. hxg3 h6) 18. Bh6 {[%emt 0:01:10][%csl Gh6][%cal Rg3g7] A strong pair of Bishops.} g6 19. Bxd5 ({Much worse is} 19. Qf3 Nf4 20. d5 Nf6 21. Bxf4 exf4 $15) 19... Bxd5 20. c4 Bb7 21. Nb3 Qc6 (21... Ba6 $11) 22. dxe5 (22. d5 $5 Qf6 23. Rc3 $11) 22... Nxe5 23. Nd4 Qc5 24. Qf4 (24. Nb5 $1 $14) 24... f5 $11 25. Qg3 Rcd8 26. Nb3 Rxd1+ 27. Rxd1 Qxc4 28. h3 $1 Qe2 29. Rd2 Qe1+ 30. Kh2 Nf7 31. Be3 Qf1 $40 {[%emt 0:01:48][%cal Of5f4][%mdl 128] Black has some attack.} 32. Rd4 Qb5 33. Nd2 Bd5 34. Qc7 Qc6 35. Qxc6 Bxc6 36. Rc4 Ne5 37. Rc3 Bd5 ({Better is} 37... Rc8 $15) 38. Rc7 Nc6 39. a4 (39. Bg5 $1 $11 {keeps the balance.}) 39... Re7 $17 40. Rc8+ Kf7 41. Nb1 Ne5 42. Nc3 Bb7 43. Rd8 Rd7 44. Rh8 Kg7 45. Re8 Nc4 46. Bf4 Kf7 47. Rh8 Ke6 48. Nb5 (48. Re8+ $15 Kf7 49. Rh8) 48... Bc6 {[%emt 0:00:13] Threatens to win with ...Bxb5.} 49. Nc7+ Kf6 50. Rf8+ Rf7 $2 {[%emt 0:00:13][%mdl 8192] [#] This move loses the game for Black.} (50... Ke7 $17 {stays on course.} 51. Rh8 h5 52. Bg5+ Kf7) 51. Bg5+ $1 $18 {[%emt 0:00:03][%mdl 576] Deflection} Kxg5 52. Rxf7 {[%emt 0:00:01][%mdl 4096] Endgame And now Ne6+ would win. KRN-KBN} Kf4 53. Re7 {[%emt 0:00:08] aiming for Ne6+.} ({Don't do} 53. Rxh7 Ke5 54. Na6 g5 55. Re7+ Kf6 56. Rxa7 Bxa4) 53... Bxa4 $2 (53... Kg5 54. Rxh7 a5 55. h4+ Kf6) 54. Nd5+ {[%emt 0:00:05][%mdl 64] Discovered Attack} Kg5 55. Rxh7 f4 56. Rxa7 Bc6 {[%emt 0:00:09] [#]} 57. Nxb6 Nxb6 (57... Nd6 $142 58. Rc7 Be8 59. Rc5+ Nf5) (57... Nd2 58. Ra5+) 58. Ra6 Bxg2 59. Kxg2 {[%emt 0:00:00] KR-KN} Nc4 60. Kf3 Nd2+ 61. Ke2 Ne4 62. h4+ Kxh4 63. Rxg6 Kh5 {[%emt 0:00:01] White mates.} 64. Rg8 Nf6 65. Rg1 Ne4 66. Rg8 Nf6 67. Rg2 Kh4 68. Kf3 Nh5 69. Rh2+ Kg5 70. Rxh5+ {[%emt 0:00:01] Weighted Error Value: White=0.17 (very precise) /Black=0.33} 1-0

[Event "Chinese League Div-A Rapid 2022"]
[Site "Fuling,Chongqing"]
[Date "2022.09.10"]
[Round "4.13"]
[White "Liu, Yan"]
[Black "Zhao, Jun"]
[Result "1/2-1/2"]
[ECO "A13"]
[WhiteElo "2530"]
[BlackElo "2619"]
[Annotator "TA"]
[PlyCount "67"]
[EventDate "2022.09.07"]
[EventType "team-tourn"]
[EventCountry "CHN"]
[SourceTitle "playchess.com"]
[Source "ChessBase"]
[SourceQuality "1"]
[TimeControl "1500+10"]

1. c4 e6 2. g3 d5 3. Bg2 d4 4. d3 c5 5. e3 Nf6 6. exd4 cxd4 7. Nf3 Nc6 8. O-O Bd6 {[%emt 0:00:05] A13: English Opening: 1...e6.} 9. a3 a5 {[%emt 0:00:20] Inhibits b4.} 10. Bg5 h6 11. Bxf6 Qxf6 12. Nbd2 Qe7 13. Ne4 Bc7 14. b4 axb4 15. axb4 Rxa1 16. Qxa1 f5 17. Nc5 O-O (17... Nxb4 {is more complex.} 18. Qa4+ Kf7 19. Qxb4 Bd6) 18. Qa4 {[%emt 0:10:54][%cal Oc5a6] [#]} Nxb4 $146 ({Predecessor:} 18... Qd6 19. Re1 Kh7 20. b5 Qxc5 21. bxc6 bxc6 22. Nd2 Qa5 23. Qxa5 Bxa5 24. Re2 Bxd2 25. Rxd2 {0-1 (57) Vogel,C (2190)-Schmidek,E (2383) Berlin 2022}) 19. Qxb4 {[%emt 0:00:04] [#] And now Qb5 would win.} Bd6 20. Qb5 Bxc5 21. Ne5 {[%emt 0:00:02] Black must now prevent Ng6.} Qc7 22. f4 g5 23. Ra1 gxf4 24. gxf4 Kh7 25. Kh1 Rg8 26. Bf3 Qe7 27. Rb1 {[%emt 0:02:02] The position is equal.} Rg7 28. Rg1 Rxg1+ 29. Kxg1 Bb4 {[%emt 0:00:02] [#] ...Bd2 is the strong threat.} 30. Qb6 Qd6 31. Qb5 {[%emt 0:00:13] White wants to mate with Qe8.} Qe7 {[%emt 0:00:17] Prevents Qe8. aiming for ...Bd2.} 32. Qb6 Qd6 33. Qb5 {[%emt 0:00:02] Qe8 would kill now.} Qe7 {[%emt 0:00:07] Prevents Qe8. Hoping for ...Bd2.} 34. Qb6 {[%emt 0:00:03] Weighted Error Value: White=0.03 (flawless) /Black=0.03 (flawless)} 1/2-1/2

[Event "Chinese League Div-A Rapid 2022"]
[Site "Fuling,Chongqing"]
[Date "2022.09.10"]
[Round "4.14"]
[White "Liu, Manli"]
[Black "Huang, Qian"]
[Result "1-0"]
[ECO "B01"]
[WhiteElo "2195"]
[BlackElo "2433"]
[Annotator "TA"]
[PlyCount "75"]
[EventDate "2022.09.07"]
[EventType "team-tourn"]
[EventCountry "CHN"]
[SourceTitle "playchess.com"]
[Source "ChessBase"]
[SourceQuality "1"]
[TimeControl "1500+10"]

1. e4 d5 2. exd5 Qxd5 3. Nf3 Nf6 4. Be2 g6 5. d4 Bg7 6. O-O O-O 7. c4 Qd8 8. Nc3 e6 {[%emt 0:04:45] B01: Scandinavian Defence.} 9. h3 Nc6 10. Be3 Ne7 {[%emt 0:00:04] [#] White is slightly better.} 11. Qd2 $146 ({Predecessor:} 11. Ne5 Nf5 12. Qd2 Nxe3 13. Qxe3 Ne8 14. Rad1 Nd6 15. g4 f6 16. Nf3 c6 17. c5 {1-0 (42) Giraldo,E (1650)-Zabala,F (1930) Medellin 2022}) 11... Nf5 (11... b6 $14) 12. Rad1 b6 13. Bf4 Bb7 14. Ne5 Qe7 15. g4 Nd6 16. Qe3 Nfe4 17. c5 Nxc3 18. bxc3 Ne8 (18... bxc5 $142 19. dxc5 Bxe5 20. Qxe5 (20. Bxe5 Ne4 $11) 20... Ne4) 19. c6 $16 Bc8 {[%emt 0:00:01] [#]} 20. c4 {[%emt 0:00:33] 0x0.0002e0696d83dp-1022s more active pieces. The black rooks are badly placed.} (20. Rfe1 $142 $1) 20... f6 21. Nf3 Nd6 22. c5 (22. Rfe1 $16) 22... bxc5 $11 23. dxc5 Nf7 24. Bc4 e5 25. Rfe1 Be6 26. Bb3 (26. Qb3 $11 {keeps the balance.} Rfe8 27. Bc1) 26... Bxb3 $17 27. axb3 Qe8 ({Black should try} 27... Qe6 $17 28. Bg3 Qxc6) 28. Qe4 $2 (28. Rd7 $1 $11) 28... exf4 $19 29. Qd5 {[%emt 0:00:04] [#]} (29. Qc4 {is a better defense.} Qxc6 30. Nd4) 29... Qb8 $2 ({Resist} 29... Qd8 30. Qc4 Qb8 31. Rd7 $18) ({Better is} 29... Rd8 $1 $19 30. Rxe8 Rfxe8) 30. Re7 $11 Qb4 (30... a5 $11 {and Black is okay.}) 31. Qe6 $2 {[%emt 0:00:14] [#]} ({White has to play} 31. Rxc7 $18 {And now Rd7 would win.} Rae8 32. Rxa7) 31... Kh8 $1 32. Rdd7 $18 {[%emt 0:00:30][%cal Bd1d7,Bd7c7,Bc7c8][%mdl 32] White is clearly winning.} Qxc5 33. Rxf7 Rxf7 34. Qxf7 Rg8 (34... Qf8 $142 35. Rxc7 Qxf7 36. Rxf7 Bf8) 35. Rxc7 {[%emt 0:00:33] aiming for Qe6.} a5 36. Qd7 Qc3 37. Kg2 {[%emt 0:00:05] Black must now prevent Rc8.} Qxb3 38. Rc8 {[%emt 0:00:05] White used his chance.  Weighted Error Value: White=0.52/Black=0.77} 1-0

[Event "Chinese League Div-A Rapid 2022"]
[Site "Fuling,Chongqing"]
[Date "2022.09.10"]
[Round "4.15"]
[White "Gu, Xiaobing"]
[Black "Wang, Chuqiao"]
[Result "0-1"]
[ECO "C26"]
[WhiteElo "2219"]
[BlackElo "2037"]
[Annotator "RC"]
[PlyCount "100"]
[EventDate "2022.09.07"]
[EventType "team-tourn"]
[EventCountry "CHN"]
[SourceTitle "playchess.com"]
[Source "ChessBase"]
[SourceQuality "1"]
[TimeControl "1500+10"]

1. e4 e5 2. Nc3 Nc6 3. g3 Nf6 4. Bg2 Bc5 5. Nge2 a6 6. O-O d6 7. h3 Bd7 8. Kh2 Nd4 9. d3 Nxe2 10. Nxe2 Qe7 11. d4 exd4 12. Nxd4 O-O-O 13. Qd3 h5 14. c3 h4 15. g4 Bb6 16. Qf3 Rde8 17. Re1 c6 18. Bf4 Bc7 19. Rad1 g5 20. Bxg5 Nxg4+ 21. Qxg4 Bxg4 22. Bxe7 Bxd1 23. Nf5 d5+ 24. e5 Bc2 25. Nd6+ Bxd6 26. exd6 Bf5 27. Re5 Be6 28. f4 Reg8 29. Bf6 Rh6 30. Bg5 Rxg5 31. Rxg5 Rf6 32. Rg8+ Kd7 33. Rb8 Rxf4 34. Rxb7+ Kxd6 35. Rb6 Rf2 36. a4 a5 37. b4 axb4 38. cxb4 Kc7 39. a5 Rb2 40. Kg1 Bd7 41. Bf1 d4 42. Ba6 Bxh3 43. Rb7+ Kd6 44. b5 cxb5 45. Bxb5 d3 46. Rb6+ Kc5 47. Rc6+ Kd5 48. Rc3 d2 49. Be2 Bf5 50. Kf2 d1=Q 0-1